 Dungeon Crawl Stone Soup version 0.20-a0-555-gf6ae02d (webtiles) character file.

166 Minion the Magician (level 5, -3/33 HPs)
             Began as an Octopode Wanderer on Feb 8, 2017.
             Slain by Eustachio
             ... wielding a +0 rapier
              (8 damage)
             ... on level 4 of the Dungeon.
             The game lasted 00:07:56 (3559 turns).

Minion the Magician (Octopode Wanderer)             Turns: 3559, Time: 00:07:57

Health: -3/33      AC:  1    Str: 12    XL:     5   Next: 47%
Magic:  11/11      EV: 13    Int: 15    God:
Gold:   131        SH:  0    Dex: 11    Spells: 5/12 levels left

rFire    . . .     SeeInvis .   o - +0 short sword (holy)
rCold    . . .     Gourm    .   (no shield)
rNeg     . . .     Faith    .   (helmet restricted)
rPois    .         Spirit   .   (no amulet)
rElec    .         Reflect  .   (no ring)
rCorr    .         Harm     .   (no ring)
MR       .....                  (no ring)
Stlth    +++.......             (no ring)
Regen    0.2/turn               (no ring)
                                (no ring)
                                (no ring)
                                (no ring)

@: repel missiles
A: almost no armour, stealthy swim, amphibious, 8 rings, constrict 8, camouflage
1, gelatinous body 1
a: no special abilities


You were on level 4 of the Dungeon.
You were not hungry.

You visited 1 branch of the dungeon, and saw 4 of its levels.

You collected 131 gold pieces.

Inventory:

Hand Weapons
 h - a +0 mace
 o - a +0 short sword of holy wrath (weapon)
Scrolls
 c - 6 scrolls of teleportation
 e - a scroll of fog
 i - a scroll of identify
Potions
 b - 3 potions of curing
Books
 a - a book of Minor Magic

   Spells                             Type                      Level
   a - Magic Dart                     Conjuration                  1
   b - Blink                          Translocation                2
   c - Call Imp                       Summoning                    2
   d - Repel Missiles                 Charms/Air                   2
   e - Slow                           Hexes                        2
   f - Conjure Flame                  Conjuration/Fire             3
   g - Mephitic Cloud                 Conjuration/Poison/Air       3
 k - a book of Cantrips

   Spells                             Type                      Level
   a - Confusing Touch                Hexes                        1
   b - Animate Skeleton               Necromancy                   1
   c - Summon Small Mammal            Summoning                    1
   d - Apportation                    Translocation                1
Comestibles
 d - 5 fruits
 f - 3 bread rations
 g - 2 chunks of flesh
 j - a meat ration
 n - 2 royal jellies


   Skills:
 + Level 1.2 Fighting
   Level 0.4(1.3) Axes
 + Level 2.0(2.1) Maces & Flails
 + Level 1.1 Dodging
 + Level 3.0 Stealth
   Level 2.0 Shields
 + Level 4.1 Spellcasting
 + Level 0.2 Conjurations
   Level 2.0 Necromancy
   Level 1.0 Ice Magic
 + Level 1.0 Air Magic
   Level 1.0 Earth Magic


You had 5 spell levels left.
You knew the following spells:

 Your Spells              Type           Power        Failure   Level  Hunger
a - Apportation           Tloc           #.....       17%         1    None
b - Magic Dart            Conj           #...         17%         1    None
c - Repel Missiles        Chrm/Air       #.....       21%         2    ##.....
d - Mephitic Cloud        Conj/Pois/Air  #.......     56%         3    ###....


Dungeon Overview and Level Annotations

Branches:
Dungeon (4/15)
 Temple: D:4-7

Altars:

Annotations:
D:4 Eustachio


Innate Abilities, Weirdness & Mutations

You cannot wear most types of armour.
You are very stealthy in the water. (Stealth+)
You are amphibious.
You can wear up to eight rings at the same time.
You can use your tentacles to constrict eight enemies at once.
Your skin changes colour to match your surroundings (Stealth+).
Your rubbery body absorbs attacks. (AC +1, EV +1)


Message History

You constrict the river rat, but do no damage.
The river rat barely misses you.
You hit the river rat.
The river rat is almost dead.
You constrict the river rat.
You kill the river rat!
The river rat's corpse disappears in a puff of smoke!
The quokka bites you.
* * * LOW HITPOINT WARNING * * *
You hit the quokka.
You kill the quokka!
The quokka's corpse disappears in a puff of smoke!
You hit the quokka.
You kill the quokka!
The quokka's corpse disappears in a puff of smoke!
You start resting.
Your magical contamination has completely faded away.
You start resting.
Eustachio hits you with a rapier!
You die...

#...####....#
#......#....#
#...##.#....#
###
#...##.....##
^.# ##.....##.##
#># #...##.##.#
## #.#
#..###.##.## #.
#.# #.##
#.....## #. #.#
####@#
####...###### #.
#.###..@.#
#.#......# ##.
#.....##.#
##.######.#
#..#####..###..#
#..# #..#
##.#..o....# .##
#.## #.##
#..#.#####.# #.
#.# ##.# #..#
#.# #. #.# #..#
#.## #.# #.
#.#####.## ...
#.# ###.......#


You could see Eustachio.

Vanquished Creatures
  An orc priest (D:3)
  A bullfrog skeleton (D:4)
  4 adders
  An ooze (D:2)
  2 worms (D:3)
  2 dart slugs
  3 leopard geckos
  4 orcs (D:3)
  2 ball pythons (D:1)
  4 bats
  3 giant cockroaches
  6 goblins
  7 hobgoblins
  2 jackals (D:1)
  A quokka (D:2)
  A frilled lizard (D:3)
  2 kobolds (D:3)
  9 rats
55 creatures vanquished.

Vanquished Creatures (others)
  A jackal (D:1)
  A frilled lizard (D:1)
2 creatures vanquished.

Grand Total: 57 creatures vanquished

Notes
Turn   | Place    | Note
-------+----------+-------------------------------------------
     0 | D:1      | Minion the Octopode Wanderer began the quest for the Orb.
     0 | D:1      | Minion set off with: a book of Minor Magic, a potion of curing, a scroll of teleportation, a +0 club, a bread ration
     0 | D:1      | Reached XP level 1. HP: 11/11 MP: 4/4
   435 | D:1      | Reached XP level 2. HP: 17/17 MP: 6/6
   886 | D:1      | Reached XP level 3. HP: 18/21 MP: 8/8
  1431 | D:2      | Learned a level 1 spell: Apportation
  1433 | D:2      | Learned a level 1 spell: Magic Dart
  1436 | D:2      | Learned a level 2 spell: Repel Missiles
  1440 | D:2      | Learned a level 3 spell: Mephitic Cloud
  1650 | D:2      | Reached skill level 1 in Stealth
  1650 | D:2      | Reached skill level 4 in Spellcasting
  2086 | D:3      | Reached skill level 1 in Maces & Flails
  2086 | D:3      | Reached XP level 4. HP: 23/27 MP: 10/10
  2294 | D:3      | Reached skill level 1 in Dodging
  2939 | D:3      | Reached XP level 5. HP: 22/32 MP: 11/11
  3183 | D:3      | Reached skill level 1 in Fighting
  3501 | D:4      | Noticed Eustachio
  3559 | D:4      | Slain by Eustachio

Vault maps used:
D:1:      minmay_arrival_glassed_features, lemuel_old_faithful
D:4:      uniq_sigmund, uniq_eustachio, uniq_menkaure

Skill      XL: |  1  2  3  4  5 |
---------------+----------------+-----
Stealth        | 1 2 3 |  3.0
Spellcasting   | 4 |  4.1
Maces & Flails | 1 2 |  2.0
Dodging        | 1 |  1.1
Fighting       | 1 |  1.2
Axes           | |  0.4
Shields        | |  2.0
Conjurations   | |  0.2
Necromancy     | |  2.0
Ice Magic      | |  1.0
Air Magic      | |  1.0
Earth Magic    | |  1.0

Action                   |  1- 3 |  4- 6 || total
-------------------------+-------+-------++-------
Melee: Club              |     9 |       ||     9
       Mace              |    52 |       ||    52
       Constrict         |    21 |    19 ||    40
       Tentacles         |     6 |    14 ||    20
       Hand axe          |    12 |    56 ||    68
       Short sword       |       |    19 ||    19
 Cast: Magic Dart        |     1 |       ||     1
       Repel Missiles    |     1 |       ||     1
  Use: Scroll            |     2 |     5 ||     7
       Potion            |       |     2 ||     2
 Stab: Sleeping          |     4 |     4 ||     8
  Eat: Chunk             |     2 |     6 ||     8
Armor: Skin              |     5 |     7 ||    12
Dodge: Dodged            |    47 |    46 ||    93
